AoeStats
← VIT Liereyy

Arabian Desert

509325131Analyzed
1v1 RM · 7d ago on Sep 26, 2026· 32m 11s· 2 players
Game mode
Random Map
Map size
Tiny (2 player)
Population
200
Speed
Normal
Resources
Standard
Victory
Conquest
Starting age
Dark Age
Ending age
Imperial Age
RankedLock teamsTeams togetherTeam positionsShared explorationLock speedFull tech treeHidden civsTurbo modeCheats
Victory
Defeat
🇦🇹 Danes · Austria
2976
+4
🇮🇹 Saxons · Italy
2649
-4
RoR | Vodka_L_2
6:36 Loom
8:54 Feudal Age
8:57 Man-at-Arms
10:23 Double-Bit Axe
15:39 Fletching
21:42 Castle Age
19:49 Horse Collar
20:36 Gold Mining
21:48 Town Watch
21:46 Elite Skirmisher
22:22 Bodkin Arrow
22:53 Crossbowman
24:32 Ballistics
VIT Liereyy
6:13 Loom
8:49 Feudal Age
8:51 Man-at-Arms
9:18 Double-Bit Axe
11:36 Horse Collar
12:12 Fletching
20:30 Castle Age
19:07 Scale Mail Armor
19:25 Arson
21:27 Chain Mail Armor
21:39 Squires
22:15 Forging
32:41 Bodkin Arrow
Connection lost

Rejoining the realm…

Still unreachable

The connection could not be restored.

Session expired

The server has moved on; the page needs a fresh start.